 Dungeon Crawl Stone Soup version 0.31-a0-524-g2a164cf6a2 (webtiles) character file.

Game seed: 14372464792524000406

415 AdnanSaban the Cudgeller (level 6, -1/39 HPs)
             Began as a Gargoyle Fighter on Aug 12, 2023.
             Slain by an iron imp (5 damage)
             ... summoned by Eustachio
             ... on level 4 of the Dungeon.
             The game lasted 00:02:10 (2877 turns).

AdnanSaban the Cudgeller (Gargoyle Fighter)         Turns: 2877, Time: 00:02:11

Health: -1/39      AC: 12    Str: 21    XL:     6   Next: 92%
Magic:  6/6        EV:  9    Int:  9    God:
Gold:   270        SH:  4    Dex:  9    Spells: 5/5 levels left

rFire   . . .        a - +0 flail
rCold   . . .        c - +0 buckler
rNeg    + . .        b - +0 scale mail
rPois   ∞            (no helmet)
rElec   +            (no cloak)
rCorr   .            o - +0 pair of gloves
SInv    .            (no boots)
Will    .....        (no amulet) Stlth
                     (no ring)
HPRegen 0.26/turn    (no ring)
MPRegen 0.10/turn

%: no passive effects
@: no status effects
A: sickness immunity, AC +4, negative energy resistance 1, electricity
resistance, torment resistance 1, petrification resistance
a: no special abilities


You were on level 4 of the Dungeon.
You visited 1 branch of the dungeon, and saw 4 of its levels.

You collected 270 gold pieces.

Inventory:

Hand Weapons
 a - a +0 flail (weapon)
Missiles
 e - 4 poisoned darts (quivered)
Armour
 b - a +0 scale mail (worn)
 c - a +0 buckler (worn)
 o - a +0 pair of gloves (worn)
Scrolls
 g - 3 scrolls of vulnerability {unknown}
 h - a scroll of fog {unknown}
 j - 2 scrolls of identify {unknown}
 l - 3 scrolls of teleportation {unknown}
 m - a scroll of enchant weapon {unknown}
 n - a scroll of revelation {unknown}
 p - a scroll of brand weapon {unknown}
 r - a scroll of torment {unknown}
 s - a scroll of blinking {unknown}
 t - 2 scrolls of fear {unknown}
Potions
 d - a potion of might
 f - 3 potions of heal wounds {unknown}
 i - 4 potions of magic {unknown}
 k - 2 potions of attraction {unknown}
 q - 3 potions of curing {unknown}
 u - a potion of lignification {unknown}


   Skills:
 + Level 4.6 Fighting
 + Level 4.9 Maces & Flails
 + Level 4.5 Armour
 + Level 1.3 Dodging
 + Level 4.1 Shields


You had 5 spell levels left.
You didn't know any spells.
Your spell library contained the following spells:

 Spells                   Type           Power      Damage    Failure   Level
 Inner Flame              Hex/Fire       0%         N/A       98%         3
 Anguish                  Hex/Necr       0%         N/A       100%        4
 Cause Fear               Hex            0%         N/A       100%        4
 Flame Wave               Conj/Fire      0%         2d4       100%        4
 Sticky Flame             Conj/Fire      0%         2d3       100%        4
 Enfeeble                 Hex            0%         N/A       100%        7


Dungeon Overview and Level Annotations

Branches:
Dungeon (4/15)
 Temple: D:4-7

Altars:
Ashenzari

Shops:
D:1 [

Annotations:
D:4 Eustachio


Innate Abilities, Weirdness & Mutations

You are immune to sickness and miasma.
Your stone body is resilient. (AC +4)
You are immune to poison.
You resist negative energy. (rN+)
You are resistant to electric shocks. (rElec)
You are resistant to unholy torment.
You are immune to petrification.


Message History

Eustachio looks even sicker.
Eustachio is moderately wounded.
Eustachio screams, "Hey, you killed my favourite bat!"
You throw a poisoned dart.
The poisoned dart closely misses Eustachio.
You throw a poisoned dart. The poisoned dart hits Eustachio.
Eustachio is moderately wounded.
You throw a poisoned dart.
The poisoned dart closely misses Eustachio.
Eustachio attacks as you move away!
Eustachio hits you with a +4 heavy falchion!
You sock Eustachio!
Eustachio is severely wounded.
Eustachio gestures wildly while chanting.
You miss Eustachio.
Eustachio is severely wounded.
You block Eustachio's attack. The white imp gestures at you.
The puff of frost hits you!
Unknown command.
You barely miss Eustachio.
Eustachio is severely wounded.
The shadow imp gestures at you.
You barely resist.
Eustachio casts a spell.
Eustachio blinks!
The iron imp hits you!
* * * LOW HITPOINT WARNING * * *
The shadow imp hits you but does no damage.
The white imp completely misses you.
Throw: 5 darts (poison)
Press: ? - help, Q - select action Shift-Dir - straight line, f/p - Eustachio
Aim: Eustachio, wielding a +4 heavy falchion and wearing a +0 leather armour (severely wounded, poisoned, 38% to hit)
You throw a poisoned dart. The poisoned dart misses Eustachio.
The white imp gestures at you. The puff of frost hits you.
* * * LOW HITPOINT WARNING * * *
The shadow imp gestures at you.
You barely resist. The iron imp hits you.
You die...

..#.....##'#########.............
..###'####...##....#.............
....)....#.........#.............
.........#.........#.............
.........#...#######.............
.........#####............#######
.........((...............#.....#
..#######.......5.........#......
..'.....#.......@.<..@.(..'......
..#.....'(......55........#......
###.....#.................#......
#......#.....>...........#.....#
########.................#####+#
...######........... .... ...#
#>.......... .... ..# #..........
.... .# #......... ....


You could see Eustachio (poisoned), an iron imp (summoned), a white imp
(summoned) and a shadow imp (summoned).

Vanquished Creatures
  Sigmund (D:4)
  A phantom (D:4)
  A hound (D:4)
  An iguana (D:4)
  3 gnolls (D:3)
  3 adders
  4 worms
  3 dart slugs
  6 orcs
  5 bats
  6 endoplasms
  2 giant cockroaches
  4 goblins
  5 hobgoblins
  4 jackals (D:1)
  4 kobolds
  A quokka (D:3)
  3 ball pythons
  4 frilled lizards
  3 rats
64 creatures vanquished.

Notes
Turn   | Place    | Note
-------+----------+-------------------------------------------
     0 | D:1      | AdnanSaban the Gargoyle Fighter began the quest for the
                  | Orb.
     0 | D:1      | Reached XP level 1. HP: 14/14 MP: 1/1
   202 | D:1      | Found Haboduimm's Armour Shop.
   297 | D:1      | Reached XP level 2. HP: 18/19 MP: 2/2
   674 | D:1      | Reached XP level 3. HP: 24/24 MP: 3/3
  1407 | D:3      | Reached XP level 4. HP: 27/29 MP: 4/4
  2129 | D:3      | Reached XP level 5. HP: 21/33 MP: 5/5
  2375 | D:4      | Noticed Sigmund
  2389 | D:4      | Killed Sigmund
  2390 | D:4      | Reached skill level 1 in Dodging
  2390 | D:4      | Reached XP level 6. HP: 35/39 MP: 6/6
  2579 | D:4      | Found a broken altar of Ashenzari.
  2854 | D:4      | Noticed Eustachio
  2877 | D:4      | Slain by an iron imp

Illustrated notes

Levels and vault maps discovered:
D:1:      roderic_crop_circles_arrival_small, layout_basic, serial_shops, shop,
          minmay_close_crescents
D:2:      layout_rooms, minmay_tree_intersection, minmay_misc_feat_enclosed
D:3:      layout_loops_ring, nicolae_eternal_life
D:4:      layout_gridville, evilmike_ruin_ashenzari, uniq_eustachio,
          uniq_sigmund

Skill      XL: |  1  2  3  4  5 |
---------------+----------------+-----
Fighting       | 4 |  4.6
Maces & Flails | 3 4 |  4.9
Armour         | 4 |  4.5
Dodging        | 1 |  1.3
Shields        | 4 |  4.1

Action                     |  1- 3 |  4- 6 || total
---------------------------+-------+-------++-------
  Melee: Flail             |   137 |   122 ||   259
  Throw: Dart              |       |     7 ||     7
 Armour: Scale mail        |    75 |    58 ||   133
  Dodge: Dodged            |    66 |    57 ||   123
  Block: Buckler           |    29 |    24 ||    53

Table legend: (Time is in decaauts)
 A = Elapsed time spent in this place.
 B = Non-inter-level travel time spent in this place.
 C = Inter-level travel time spent in this place.
 D = Time resting spent in this place.
 E = Time spent auto-exploring this place.
 F = Levels seen in this place.
 G = Mean time per level.
                   A        B        C        D        E       F      G
               +--------+--------+--------+--------+--------+-----+--------+
         Total |   2952 |   2829 |    123 |      2 |   2233 |   4 |  738.0 |
       Dungeon |   2952 |   2829 |    123 |      2 |   2233 |   4 |  738.0 |
               +--------+--------+--------+--------+--------+-----+--------+

Top non-repeatable levels by time:
     D:1: 941 daAuts
     D:3: 918 daAuts
     D:4: 600 daAuts
     D:2: 492 daAuts
